 Dungeon Crawl Stone Soup version 0.31-a0-879-g1609e0ac53 (webtiles) character file.

Game seed: 12054593199969348486

1537 oldriver the Chopper (level 8, -14/65 HPs)
             Began as a Mummy Fighter on Oct 15, 2023.
             Was an Initiate of Okawaru.
             Killed from afar by a steam dragon (28 damage)
             ... with a ball of steam
             ... on level 6 of the Dungeon.
             The game lasted 00:08:59 (5359 turns).

oldriver the Chopper (Mummy Fighter)                Turns: 5359, Time: 00:08:59

Health: -14/65     AC: 10    Str: 22    XL:     8   Next: 56%
Magic:  8/8        EV:  8    Int:  7    God:    Okawaru [......]
Gold:   65         SH:  9    Dex: 11    Spells: 7/7 levels left

rFire   x . .        a - +1 war axe (spect)
rCold   + . .        c - +0 buckler
rNeg    + + +        l - +0 chain mail
rPois   ∞            (no helmet)
rElec   .            (no cloak)
rCorr   .            k - +1 pair of gloves
SInv    .            (no boots)
Will    +....        r - amulet of reflection Stlth
                     (no ring)
HPRegen 0.30/turn    (no ring)
MPRegen 0.11/turn

%: reflection, faith
@: studying Earth Magic
A: cold resistance 1, negative energy resistance 3, torment resistance 2, heat
vulnerability 1, in touch with death 1, no potions, faith
a: Renounce Religion


You were on level 6 of the Dungeon.
You worshipped Okawaru.
Okawaru was noncommittal.
You visited 2 branches of the dungeon, and saw 7 of its levels.
You also visited: Sewer.

You collected 254 gold pieces.
You spent 189 gold pieces at shops.

Inventory:

Hand Weapons
 a - a +1 spectral war axe (weapon)
 b - a +4 whip
Missiles
 e - 6 silver javelins
 i - a throwing net
 j - 6 poisoned darts
Armour
 c - a +0 buckler (worn)
 k - a +1 pair of gloves (worn)
 l - a +0 chain mail (worn)
Jewellery
 n - a ring of ice
 r - an amulet of reflection (around neck)
Wands
 m - a wand of mindburst (8)
 p - a wand of roots (6)
 q - a wand of flame (12)
Scrolls
 d - 3 scrolls of fog
 f - 3 scrolls of blinking
 g - 6 scrolls of teleportation
 h - a scroll of vulnerability
 o - a scroll of amnesia
 s - a scroll of identify


   Skills:
 + Level 6.9 Fighting
 * Level 7.5 Axes
 - Level 2.4 Armour
 - Level 2.4 Shields


You had 7 spell levels left.
You didn't know any spells.
Your spell library contained the following spells:

 Spells                   Type           Power      Damage    Failure   Level
 Apportation              Tloc           0%         N/A       98%         1
 Jinxbite                 Hex            0%         N/A       99%         2
 Stone Arrow              Conj/Erth      0%         3d7       100%        3
 Alistair's Intoxication  Tmut/Pois      0%         N/A       100%        5
 Lehudib's Crystal Spear  Conj/Erth      0%         10d2      100%        8
 Animate Armour           Summ/Erth      Unusable   N/A       N/A         4

Dungeon Overview and Level Annotations

Branches:
Dungeon (6/15)             Temple (1/1) D:6           Sewer (visited)

Altars:
Ashenzari
Cheibriados
Fedhas
Gozag
Hepliaklqana
Kikubaaqudgha
Makhleb
Nemelex Xobeh
Okawaru
Sif Muna
Trog
Uskayaw
Vehumet
Wu Jian
Xom
Yredelemnul

Shops:
D:5 *

Annotations:
D:3 1 runed translucent door, exclusion: statue, Crazy Yiuf
D:5 1 runed translucent door


Innate Abilities, Weirdness & Mutations

You are immune to poison.
Your flesh is cold resistant. (rC+)
You are immune to negative energy. (rN+++)
You are immune to unholy pain and torment.
You are vulnerable to heat. (rF-)
You are in touch with the powers of death.
You do not drink.
You have a special connection with the divine. (Faith)


Message History

You barely miss the steam dragon.
Your +1 spectral war axe hits the steam dragon but does no damage.
The steam dragon barely misses you. You block the steam dragon's attack.
You hit the steam dragon but do no damage.
Your +1 spectral war axe barely misses the steam dragon.
You block the steam dragon's attack. The steam dragon barely misses you.
You slash the steam dragon!
The steam dragon is moderately wounded.
Your +1 spectral war axe barely misses the steam dragon.
The steam dragon bites you but does no damage.
You block the steam dragon's attack. The steam dragon breathes steam at you.
The ball of steam hits you! The steam scalds you terribly!
You hear a shout!
You hit the steam dragon.
The steam dragon is moderately wounded.
Your +1 spectral war axe hits the steam dragon but does no damage.
You are engulfed in a cloud of scalding steam.
* * * LOW HITPOINT WARNING * * *
The steam dragon bites you but does no damage.
The steam dragon barely misses you.
You hit the steam dragon.
The steam dragon is heavily wounded.
Your +1 spectral war axe hits the steam dragon but does no damage.
The steam dragon barely misses you. The steam dragon completely misses you.
Unknown command.
You closely miss the steam dragon.
The steam dragon is heavily wounded.
Your +1 spectral war axe hits the steam dragon.
The steam dragon bites you.
* * * LOW HITPOINT WARNING * * *
The steam dragon claws you.
* * * LOW HITPOINT WARNING * * *
An orc wizard comes into view. It is wielding a +0 dagger.
You hit the steam dragon but do no damage.
The steam dragon is heavily wounded.
Your +1 spectral war axe hits the steam dragon!
The steam dragon breathes steam at you. The ball of steam hits you!!
The steam scalds you terribly!
You die...

+...........
#..$........#
#...D......#
##..........#
#...........#
##..§§##....#
##..§§##....#
#......#....#
#.....§#@...#
#......D(...+
#......#....#.
#......#........# ......#
#.....##.....#..##......#
##....##........##......#
#...........#.#.##.......
#........o.......#.......
#..........#.8.#.........


You could see a steam dragon (catching breath), an orc wizard and a friendly +1
spectral war axe.

Vanquished Creatures
  A hornet (D:6)
  Sigmund (D:3)
  An ice beast (D:5)
  A black bear (D:5)
  A centaur (D:6)
  2 bullfrogs (Sewer)
  2 scorpions (D:5)
  2 hounds (D:4)
  3 jellies
  A human skeleton (D:5)
  4 iguanas
  5 orc wizards (D:6)
  7 gnolls
  9 adders
  A river rat (D:4)
  A shadow imp (D:6)
  A white imp (D:5)
  2 worms
  2 dart slugs (D:2)
  5 orcs
  5 ball pythons
  14 endoplasms
  8 giant cockroaches
  5 hobgoblins
  10 quokkas
  4 bats (D:1)
  12 frilled lizards
  5 goblins
  A jackal skeleton (D:5)
  6 kobolds
  7 rats
129 creatures vanquished.

Notes
Turn   | Place    | Note
-------+----------+-------------------------------------------
     0 | D:1      | oldriver the Mummy Fighter began the quest for the Orb.
     0 | D:1      | Reached XP level 1. HP: 18/18 MP: 1/1
     4 | D:1      | Noticed a black mamba
    12 | D:1      | Noticed a black mamba
   113 | D:1      | Reached skill level 2 in Axes
   171 | D:1      | Reached XP level 2. HP: 24/24 MP: 2/2
   771 | D:2      | Reached XP level 3. HP: 29/29 MP: 3/3
  1019 | D:2      | Found a radiant altar of Vehumet.
  1266 | D:3      | Found a radiant altar of Vehumet.
  1266 | D:3      | Noticed a frost-covered statue
  1404 | D:2      | Reached skill level 3 in Axes
  1404 | D:2      | Reached XP level 4. HP: 22/37 MP: 4/4
  1612 | D:3      | Noticed Sigmund
  1914 | D:3      | Killed Sigmund
  1915 | D:3      | Reached skill level 4 in Axes
  1915 | D:3      | Reached XP level 5. HP: 27/43 MP: 5/5
  2093 | D:3      | Found a runed translucent door.
  2094 | D:3      | Noticed Crazy Yiuf
  2513 | D:4      | Found a glowing drain.
  2530 | D:4      | Reached XP level 6. HP: 49/49 MP: 6/6
  2531 | Sewer    | Entered a sewer
  2821 | Sewer    | Reached skill level 5 in Fighting
  2821 | Sewer    | Reached skill level 5 in Axes
  3323 | D:4      | Reached XP level 7. HP: 54/56 MP: 7/7
  3343 | D:4      | Found a sparkling altar of Nemelex Xobeh.
  4076 | D:5      | Entered Level 5 of the Dungeon
  4167 | D:5      | Found Hiowawif's Assorted Antiques.
  4181 | D:5      | Reached skill level 6 in Axes
  4183 | D:5      | Bought a scroll labelled JYIXOREIFU for 21 gold pieces
  4183 | D:5      | Bought a scroll labelled BUVEICKYALE for 21 gold pieces
  4183 | D:5      | Bought a scroll of teleportation for 63 gold pieces
  4183 | D:5      | Bought a forked silver wand for 84 gold pieces
  4253 | D:5      | Found a runed translucent door.
  4253 | D:5      | Noticed a human
  4306 | D:5      | Found a basalt altar of Yredelemnul.
  4336 | D:5      | Reached XP level 8. HP: 64/64 MP: 8/8
  4959 | D:6      | Noticed a hornet
  4974 | D:6      | Killed a hornet
  4975 | D:6      | Reached skill level 7 in Axes
  5195 | D:6      | Found a staircase to the Ecumenical Temple.
  5217 | Temple   | Entered the Ecumenical Temple
  5235 | Temple   | Became a worshipper of Warmaster Okawaru
  5359 | D:6      | Killed from afar by a steam dragon

Illustrated notes

Levels and vault maps discovered:
D:1:      sevenhm_arrival_forest_fort_small_2, layout_rooms
D:2:      layout_loops_cross, basic_altar
D:3:      layout_basic, vehumet_statue, uniq_crazy_yiuf_cottage, uniq_sigmund
D:4:      layout_cave_pods, nemelex_spade_bored_becter, portal_sewer_entry_a
D:5:      layout_basic, dk_yredelemnul_ordeal, serial_shops, shop_statue
D:6:      minmay_flawed_box, layout_gridville, minmay_temple_entry_sparse_star,
          kennysheep_dice
Temple:   nicolae_temple_elliptical

Skill      XL: |  1  2  3  4  5  6  7  8 |
---------------+-------------------------+-----
Axes           | 2 3 4 5 6 7 |  7.5
Fighting       | 4 5 6 |  6.9
Armour         | |  2.4
Shields        | |  2.4

Action                     |  1- 3 |  4- 6 |  7- 9 || total
---------------------------+-------+-------+-------++-------
  Melee: War axe           |    92 |   144 |    96 ||   332
  Throw: Javelin           |       |     5 |       ||     5
    Use: Scroll            |       |     9 |     4 ||    13
 Armour: Scale mail        |    38 |       |       ||    38
         Chain mail        |    17 |    92 |    90 ||   199
  Dodge: Dodged            |    46 |    55 |    30 ||   131
  Block: Buckler           |    17 |    17 |    22 ||    56

Table legend: (Time is in decaauts)
 A = Elapsed time spent in this place.
 B = Non-inter-level travel time spent in this place.
 C = Inter-level travel time spent in this place.
 D = Time resting spent in this place.
 E = Time spent auto-exploring this place.
 F = Levels seen in this place.
 G = Mean time per level.
                   A        B        C        D        E       F      G
               +--------+--------+--------+--------+--------+-----+--------+
         Total |   5567 |   5260 |    307 |    709 |   3220 |   8 |  695.9 |
       Dungeon |   4976 |   4704 |    272 |    709 |   2907 |   6 |  829.3 |
        Temple |     36 |      1 |     35 |      0 |      0 |   1 |   36.0 |
         Sewer |    554 |    554 |      0 |      0 |    313 |   1 |  554.0 |
               +--------+--------+--------+--------+--------+-----+--------+

Top non-repeatable levels by time:
     D:3: 1526 daAuts
     D:4: 1081 daAuts
     D:5: 773 daAuts
     D:2: 758 daAuts
   Sewer: 554 daAuts
     D:1: 467 daAuts
     D:6: 369 daAuts
  Temple: 36 daAuts
